 Dungeon Crawl Stone Soup version 0.14-a0-2950-gbe29d66 (webtiles) character file.

1123 Kae the Spear-Bearer (level 7, 0/60 HPs)
             Began as a Naga Gladiator on Mar 4, 2014.
             Slain by a gnoll
             ... wielding a +0,+0 halberd
              (13 damage)
             ... on Level 5 of the Dungeon.
             The game lasted 00:07:06 (5798 turns).

Kae the Spear-Bearer (Naga Gladiator)               Turns: 5798, Time: 00:07:06

HP   0/60        AC  6     Str 18      XL: 7   Next: 80%
MP   7/7         EV 10     Int  9      God:
Gold 363         SH  0     Dex 12      Spells:  0 memorised,  6 levels left

rFire  . . .     SeeInvis +     n - +0 spear (venom)
rCold  . . .     Clarity  .     b - +0 leather armour
rNeg   + . .     Conserve .     (no shield)
rPois  +         rCorr    .     c - +0 helmet
rElec  .         rRot     .     (no cloak)
SustAb . .       Spirit   .     r - +1 pair of gloves
rMut   .         Warding  .     (no barding)
Saprov . . .     Stasis   .     B - amulet of rage
MR     .....                    (no ring)
                                y - ring of positive energy

@: very slow, not resistant to hostile enchantments, very unstealthy
A: spit poison, see invisible, deformed body, poison resistance, slowness 2, AC
+2
a: Spit Poison, Evoke Berserk Rage


You were on level 5 of the Dungeon.
You were not hungry.

You visited 1 branch of the dungeon, and saw 5 of its levels.

You collected 363 gold pieces.

Inventory:

Hand weapons
 a - a +0,+0 trident
 n - a +0,+0 spear of venom (weapon)
Missiles
 d - 3 throwing nets (quivered)
 x - 5 tomahawks
Armour
 b - a +0 leather armour (worn)
 c - a +0 helmet (worn)
 r - a +1 pair of gloves (worn)
Comestibles
 f - 4 bread rations
 h - a meat ration
 i - 2 chokos
Scrolls
 k - a scroll of fog
 m - 5 scrolls of remove curse
 p - 5 scrolls of identify
Jewellery
 j - an uncursed ring of sustenance {unknown}
 s - an uncursed amulet of inaccuracy {unknown}
 y - a ring of positive energy (left hand)
 B - an amulet of rage (around neck)
Potions
 e - 2 potions of confusion
 g - 2 potions of curing
 l - 3 potions of heal wounds
 o - 2 potions of speed
 q - 2 potions of might
 t - a potion of lignification {unknown}
 v - a potion of mutation {unknown}
 w - a potion of berserk rage {unknown}
 z - a potion of flight {unknown}


   Skills:
 - Level 2.0 Fighting
 + Level 9.0 Polearms
 - Level 1.7 Throwing
 - Level 2.4 Dodging


You had 6 spell levels left.
You didn't know any spells.

Dungeon Overview and Level Annotations

Branches:
Dungeon (5/16)
 Temple: D:4-7

Altars:
Makhleb
Vehumet
Zin

Annotations:
D:3 1 exclusion


Innate Abilities, Weirdness & Mutations

You cannot wear boots.
You can spit poison.
Your serpentine skin is tough (AC +2).
You have supernaturally acute eyesight.
Armour fits poorly on your strangely shaped body.
Your system is resistant to poisons.
You cover ground very slowly.


Message History

You start resting.
Attack whom?
Press: ? - help, Dir - move target cursor, f - gnoll
Aim: a gnoll, wielding a halberd You reach to attack!
You hit the gnoll.
The gnoll is lightly wounded.
The gnoll hits you from afar with a halberd!
* * * LOW HITPOINT WARNING * * *
Attack whom?
Press: ? - help, Dir - move target cursor, f/p - gnoll
Aim: a gnoll, wielding a halberd (lightly wounded)
You reach to attack!
You hit the gnoll.
The gnoll is poisoned.
The gnoll is heavily wounded.
Attack whom?
Press: ? - help, Dir - move target cursor, f/p - gnoll
Aim: a gnoll, wielding a halberd (heavily wounded, poisoned)
You reach to attack!
You barely miss the gnoll.
The gnoll is heavily wounded.
The gnoll hits you from afar with a halberd!
You die...

≈≈≈≈P≈♣♣≈≈♣..#...##......# #.
≈≈≈≈≈≈≈P≈PP♣.#...##......## #.
≈≈≈≈P≈≈≈≈≈≈≈.#...#........# #.
≈≈≈≈≈P≈≈≈≈≈≈♣#...#........## ##
≈≈≈≈≈≈≈≈≈♣≈≈≈♣)..#..<......######
≈≈≈≈≈≈≈≈≈P≈≈P≈####.#.....<.#.....
≈≈≈≈≈≈≈♣≈≈P≈♣♣####.#.#....g#.####
≈≈≈≈≈≈≈≈≈≈≈≈♣....#.###.....#.####
≈≈≈≈≈≈♣P≈≈≈♣%...@#.........#.....
≈P♣≈≈♣≈P♣≈♣...(..######....#####.
P≈≈≈≈♣♣≈♣≈≈......g...)g......>...
♣♣≈♣≈≈♣♣.........###############.
♣≈♣♣###..........### #. ###
#.(..........# #. #.....#...#..#
#. ####.###.###.# #. #..#...#..#
#.


You could see a gnoll.

Vanquished Creatures
  An ice beast (D:5)
  2 centaurs (D:5)
  A crimson imp (D:5)
  2 hounds (D:4)
  An orc wizard (D:5)
  A gnoll shaman (D:5)
  A scorpion (D:4)
  An orc priest (D:5)
  5 worker ants
  3 adders
  6 gnolls
  A giant mite (D:3)
  An adder zombie (D:5)
  2 oozes
  8 orcs
  5 giant cockroaches
  9 hobgoblins
  8 jackals
  A quokka (D:4)
  2 ball pythons
  9 bats
  5 giant geckos
  3 giant newts
  6 goblins
  A goblin skeleton (D:4)
  A hobgoblin skeleton (D:4)
  7 kobolds
  12 rats
105 creatures vanquished.

Vanquished Creatures (others)
  2 plants (D:5)
2 creatures vanquished.

Grand Total: 107 creatures vanquished

Notes
Turn   | Place    | Note
--------------------------------------------------------------
     0 | D:1      | Kae, the Naga Gladiator, began the quest for the Orb.
     0 | D:1      | Reached XP level 1. HP: 19/19 MP: 1/1
   168 | D:1      | Reached XP level 2. HP: 20/26 MP: 2/2
   516 | D:2      | Reached skill level 4 in Polearms
   651 | D:2      | Found a burning altar of Makhleb.
   652 | D:2      | Noticed an Executioner
   656 | D:2      | Reached XP level 3. HP: 32/32 MP: 3/3
   657 | D:2      | Found a glowing silver altar of Zin.
   657 | D:2      | Noticed an angel
  1516 | D:3      | Reached XP level 4. HP: 37/39 MP: 4/4
  1837 | D:3      | Reached skill level 5 in Polearms
  2645 | D:4      | Reached XP level 5. HP: 25/45 MP: 5/5
  2965 | D:4      | Reached skill level 6 in Polearms
  3212 | D:4      | Reached XP level 6. HP: 38/52 MP: 6/6
  4198 | D:4      | Reached skill level 7 in Polearms
  4499 | D:5      | Entered Level 5 of the Dungeon
  4597 | D:5      | Reached XP level 7. HP: 3/60 MP: 7/7
  4831 | D:5      | Reached skill level 8 in Polearms
  5646 | D:5      | Found a radiant altar of Vehumet.
  5731 | D:5      | Reached skill level 9 in Polearms
  5798 | D:5      | Slain by a gnoll

Action                   |  1- 3 |  4- 6 |  7- 9 || total
-------------------------+-------+-------+-------++-------
Melee: Trident           |   141 |   243 |    97 ||   481
       Spear             |       |       |     3 ||     3
  Use: Potion            |     3 |       |     3 ||     6
       Scroll            |       |    10 |     2 ||    12
